 Dungeon Crawl Stone Soup version 0.29.1-15-g9cfb28693d (webtiles) character file.

Game seed: 10390943112250347741

13459 DemonSlayer the Thaumaturge (level 11, -3/75 HPs)
             Began as a Demonspawn Earth Elementalist on Mar 26, 2023.
             Was an Elder of Cheibriados.
             Hit by a large rock thrown by a cyclops (19 damage)
             ... on level 11 of the Dungeon.
             The game lasted 00:28:46 (13847 turns).

DemonSlayer the Thaumaturge (DsEE)                 Turns: 13847, Time: 00:28:46

Health: -3/75      AC: 15    Str: 19    XL:     11   Next: 75%
Magic:  20/34      EV: 14    Int: 28    God:    Cheibriados [****..]
Gold:   1050       SH:  0    Dex: 23    Spells: 6/30 levels left

rFire   . . .      SeeInvis .   r - +5 halberd (pain)
rCold   . . .      Faith    .   (shield currently unavailable)
rNeg    . . .      Spirit   .   C - +3 troll leather armour {Snorg}
rPois   .          Reflect  .   i - +0 helmet
rElec   .          Harm     .   (no cloak)
rCorr   +          Rampage  .   (no gloves)
Will    .....                   (no boots)
Stlth   ++++......              y - amulet of magic regeneration
HPRegen 1.02/turn               e - ring of Wishrad {rCorr MP+9 Str-3 Stlth+}
MPRegen 0.64/turn               b - +4 ring of protection

@: on berserk cooldown, slowed, very slow
A: hooves 2, slimy green scales 2, demonic guardian 2, foul stench 2, corrupting
presence 1
a: Renounce Religion, Bend Time, Temporal Distortion, Slouch


You were on level 11 of the Dungeon.
You worshipped Cheibriados.
Cheibriados was greatly pleased with you.
You visited 2 branches of the dungeon, and saw 12 of its levels.

You collected 1050 gold pieces.

Inventory:

Hand Weapons
 r - a +5 halberd of pain (weapon)
Missiles
 m - a throwing net
Armour
 i - a +0 helmet (worn)
 C - a +3 troll leather armour (worn) {Snorg}
Jewellery
 b - a +4 ring of protection (right hand)
 e - the ring of Wishrad (left hand) {rCorr MP+9 Str-3 Stlth+}
   (You acquired it on level 5 of the Dungeon)

   [ring of resist corrosion]

   Str:       It affects your strength (-3).
   MP:        It affects your magic capacity (+9).
   rCorr:     It protects you from acid and corrosion.
   Stlth:     It makes you more stealthy.
 y - an amulet of magic regeneration (around neck)
Wands
 j - a wand of flame (4)
 z - a wand of polymorph (16)
Scrolls
 d - 6 scrolls of teleportation
 h - a scroll of blinking
 k - 2 scrolls of poison
 n - 2 scrolls of vulnerability
 p - 2 scrolls of magic mapping
Potions
 a - 2 potions of ambrosia
 c - 3 potions of attraction
 f - 3 potions of lignification
 l - a potion of might
 q - 3 potions of curing {unknown}
 s - a potion of berserk rage
 u - 4 potions of brilliance
 x - 2 potions of flight {unknown}
 A - a potion of mutation {unknown}
Miscellaneous
 B - a lightning rod (4/4)


   Skills:
 + Level 3.4 Fighting
 + Level 1.0 Short Blades
 + Level 3.6 Polearms
 + Level 4.1 Armour
 + Level 4.0 Dodging
 + Level 3.8 Stealth
 + Level 10.2 Spellcasting
 + Level 7.6 Conjurations
 + Level 0.9 Transmutations
 + Level 9.9 Earth Magic
 + Level 0.3 Evocations


You had 6 spell levels left.
You knew the following spells:

 Your Spells              Type           Power      Damage    Failure   Level
a - Sandblast             Erth           100%       2d20      1%          1
b - Passwall              Tmut/Erth      36%        N/A       1%          2
c - Stone Arrow           Conj/Erth      100%       3d13      1%          3
d - Petrify               Tmut/Erth      44%        N/A       4%          4
e - Ozocubu's Refrigerat  Ice            7%         4d9       100%        7
f - Olgreb's Toxic Radia  Pois           14%        N/A       41%         4
g - Ignite Poison         Fire/Tmut/Pois 16%        N/A       12%         3

Your spell library contained the following spells:

 Spells                   Type           Power      Damage    Failure   Level
 Necrotise                Necr           56%        1d6       4%          1
 Mephitic Cloud           Conj/Pois/Air  28%        N/A       4%          3
 Gell's Gravitas          Tloc           14%        N/A       14%         3
 Ozocubu's Armour         Ice            14%        N/A       14%         3
 Teleport Other           Tloc           14%        N/A       14%         3
 Vampiric Draining        Necr           14%        2d7       14%         3
 Freezing Cloud           Conj/Ice/Air   14%        6-21      41%         5
 Agony                    Necr           14%        N/A       77%         5
 Metabolic Englaciation   Hex/Ice        7%         N/A       77%         5
 Dispersal                Tloc           7%         N/A       100%        6
 Simulacrum               Ice/Necr       7%         N/A       100%        6
 Ignition                 Fire           7%         3d4       100%        8


Dungeon Overview and Level Annotations

Branches:
Dungeon (11/15)            Temple (1/1) D:7
   Lair: D:8-11         Orc: D:9-12

Altars:
Ashenzari
Cheibriados
Fedhas
Gozag
Makhleb
Nemelex Xobeh
Ru
Sif Muna
Trog
Uskayaw
Vehumet
Wu Jian

Portals:
Abyss: D:6

Annotations:
D:6 2 transporters, BuddhaDhamma's ghost, novice MiBe
D:10 1 runed translucent door, BuddhaDhamma's ghost, novice MiBe


Innate Abilities, Weirdness & Mutations

You have hoof-like feet.
You are mostly covered in slimy green scales. (AC +3)
A demonic guardian rushes to your aid.
You sometimes emit foul miasma when damaged in melee.
Your presence sometimes corrodes those you injure.


Message History

The orc knight is severely wounded.
The orc knight barely misses you.
You hit the orc knight. Your kick misses the orc knight.
The orc knight is severely wounded.
A cyclops comes into view.
The orc knight hits you with a +3 long sword!
* * * LOW HITPOINT WARNING * * *
A red film seems to cover your vision as you go berserk!
Cheibriados forces you to slow down.
You feel mighty!
The orc knight seems to be corroded for longer.
The orc knight hits you with a +3 long sword!!
* * * LOW HITPOINT WARNING * * *
A demonic guardian appears!
You hit the orc knight. Your kick misses the orc knight.
The orc knight is almost dead.
The orc knight looks more healthy.
The orc knight closely misses you.
You swap places.
Your smoke demon gestures at the orc knight.
The orc knight is smitten.
The orc knight hits your smoke demon with a +3 long sword!
Your smoke demon hits the orc knight.
The orc knight dies!
Cheibriados appreciates the change of pace.
Unknown command.
What are your orders? t - Shout!
Anything else - Cancel.
Okay, then.
Unknown command.
You feel a strong urge to attack something.
The cyclops throws a large rock.
The large rock hits your smoke demon.
You are no longer berserk.
You are exhausted.
You feel yourself slow down.
Your smoke demon hits the cyclops.
Your smoke demon hits the cyclops but does no damage. x2
The cyclops throws a large rock.
The large rock hits your smoke demon!!
Your smoke demon dies!
Your smoke demon disappears in a puff of smoke!
The cyclops throws a large rock.
The large rock hits you!!
You die...

############
#<.......))#
##########@# #.# .#
#.# .# # #.# .#.#
#C# .#.#
########ยง####...#
........()))...>##.#
########.##)#.#....#
....................


You could see a cyclops.

Vanquished Creatures
  Snorg (D:10)
  A boulder beetle (D:10)
  A centaur warrior (D:11)
  A tengu warrior (D:11)
  Lodul (D:10)
  An orc knight (D:11)
  An efreet (D:11)
  Grinder (D:5)
  16 yaks
  2 centaur simulacra (D:10)
  A shadow (D:10)
  Eustachio (D:4)
  3 vampire mosquitoes (D:10)
  2 steam dragons
  Edmund (D:6)
  3 acid dragons (D:10)
  2 water moccasins
  3 orc warriors
  2 sky beasts
  3 ice beasts
  A wolf (D:10)
  8 ogres
  7 centaurs
  2 kobold brigands (D:8)
  A gnoll sergeant (D:11)
  Blork the orc (D:5)
  6 bullfrogs
  3 scorpions
  A necrophage (D:6)
  4 wights
  21 killer bees
  3 howler monkeys
  A hound (D:4)
  2 jellies
  2 gnoll boudas (D:7)
  3 orc priests
  Ijyb (D:5)
  2 iguanas (D:6)
  7 orc wizards
  15 gnolls
  12 adders
  2 white imps
  3 ufetubi
  A worm (D:2)
  A dart slug (D:1)
  27 orcs
  7 ball pythons
  4 endoplasms
  5 giant cockroaches
  4 goblins
  7 hobgoblins
  2 jackals (D:2)
  15 kobolds
  3 quokkas (D:3)
  A bat (D:3)
  A frilled lizard (D:3)
  5 rats
238 creatures vanquished.

Vanquished Creatures (collateral kills)
  An orc knight (D:11)
  A necrophage (D:6)
  A white imp (D:6)
3 creatures vanquished.

Vanquished Creatures (others)
  35 fungi (D:11)
  36 plants (D:11)
  2 withered plants (D:10)
73 creatures vanquished.

Grand Total: 314 creatures vanquished

Notes
Turn   | Place    | Note
-------+----------+-------------------------------------------
     0 | D:1      | DemonSlayer the Demonspawn Earth Elementalist began the
                  | quest for the Orb.
     0 | D:1      | Reached XP level 1. HP: 13/13 MP: 3/3
   230 | D:1      | Gained mutation: You may rarely emit foul miasma when
                  | damaged in melee. [demonic ancestry]
   230 | D:1      | Reached XP level 2. HP: 15/19 MP: 3/5
   941 | D:1      | Learned a level 2 spell: Passwall
   985 | D:2      | Gained mutation: You are partially covered in slimy green
                  | scales. (AC +2) [demonic ancestry]
   985 | D:2      | Reached XP level 3. HP: 24/24 MP: 1/6
  1647 | D:2      | Learned a level 3 spell: Stone Arrow
  2024 | D:3      | Reached skill level 3 in Spellcasting
  2024 | D:3      | Gained mutation: You have large cloven feet. [demonic
                  | ancestry]
  2024 | D:3      | Reached XP level 4. HP: 30/30 MP: 5/8
  2558 | D:3      | Learned a level 4 spell: Petrify
  2963 | D:4      | Gained mutation: You are mostly covered in slimy green
                  | scales. (AC +3) [demonic ancestry]
  2963 | D:4      | Reached XP level 5. HP: 31/35 MP: 7/10
  3234 | D:4      | Reached skill level 4 in Spellcasting
  3515 | D:4      | Noticed Eustachio
  3538 | D:4      | Killed Eustachio
  3539 | D:4      | Reached XP level 6. HP: 42/42 MP: 1/12
  3940 | D:4      | Reached skill level 1 in Fighting
  4016 | D:4      | Reached skill level 5 in Earth Magic
  4297 | D:5      | Entered Level 5 of the Dungeon
  4693 | D:5      | Noticed Blork the orc
  4693 | D:5      | Noticed Ijyb
  4703 | D:5      | Killed Blork the orc
  4704 | D:5      | Gained mutation: A weak demonic guardian rushes to your
                  | aid. [demonic ancestry]
  4704 | D:5      | Reached XP level 7. HP: 38/48 MP: 9/14
  4728 | D:5      | Killed Ijyb
  4975 | D:5      | Noticed Grinder
  4976 | D:5      | Noticed Edmund
  4992 | D:5      | Paralysed by Grinder for 5 turns
  5788 | D:7      | Reached skill level 1 in Armour
  6294 | D:7      | Reached skill level 5 in Spellcasting
  6378 | D:7      | Reached skill level 1 in Short Blades
  6381 | D:7      | Reached skill level 1 in Conjurations
  6383 | D:7      | Gained mutation: You have hoof-like feet. [demonic
                  | ancestry]
  6383 | D:7      | Reached XP level 8. HP: 55/56 MP: 1/16
  7480 | D:7      | Found a staircase to the Ecumenical Temple.
  7587 | Temple   | Entered the Ecumenical Temple
  7608 | Temple   | Became a worshipper of Cheibriados the Contemplative
  7758 | D:7      | Reached skill level 6 in Spellcasting
  8242 | D:6      | Found a transporter.
  8242 | D:6      | Noticed a large abomination
  8253 | D:6      | Found a transporter.
  8350 | D:6      | Noticed a toenail golem
  8522 | D:6      | Found a one-way gate to the infinite horrors of the Abyss.
  8522 | D:6      | Noticed BuddhaDhamma's ghost (novice MiBe)
  8644 | D:6      | Reached skill level 1 in Polearms
  8904 | D:6      | Gained mutation: A demonic guardian rushes to your aid.
                  | [demonic ancestry]
  8904 | D:6      | Reached XP level 9. HP: 61/61 MP: 19/19
  8906 | D:6      | Reached * piety under Cheibriados
  8907 | D:6      | Reached skill level 7 in Spellcasting
  8924 | D:6      | Killed Edmund
  9196 | D:6      | Learned a level 7 spell: Ozocubu's Refrigeration
  9210 | D:5      | Killed Grinder
  9339 | D:5      | Found a sparkling altar of Nemelex Xobeh.
  9339 | D:5      | Found an ornate altar of the Wu Jian Council.
  9348 | D:5      | Found a bloodstained altar of Trog.
  9350 | D:5      | Found a burning altar of Makhleb.
  9558 | D:5      | Learned a level 4 spell: Olgreb's Toxic Radiance
  9558 | D:5      | Identified a scroll of acquirement
  9558 | D:5      | Acquired the ring of Wishrad {rCorr MP+9 Str-3 Stlth+}
 10256 | D:8      | Identified the +5 scale mail "Ijainn" {rC++ Will++ Int-4}
 10268 | D:8      | Reached skill level 8 in Spellcasting
 10268 | D:8      | Gained mutation: Your presence sometimes corrodes those you
                  | injure. [demonic ancestry]
 10268 | D:8      | Reached XP level 10. HP: 55/68 MP: 12/22
 10284 | D:8      | Reached ** piety under Cheibriados
 10389 | D:8      | Found a bloodstained altar of Trog.
 10824 | D:8      | Learned a level 3 spell: Ignite Poison
 11234 | D:9      | Found a broken altar of Ashenzari.
 11394 | D:9      | Reached *** piety under Cheibriados
 11396 | D:9      | Reached skill level 5 in Conjurations
 11696 | D:10     | Entered Level 10 of the Dungeon
 11730 | D:10     | Noticed Lodul
 11735 | D:10     | HP: 2/68 [Lodul/bolt of lightning (18)]
 12252 | D:10     | Noticed a boulder beetle
 12256 | D:10     | Reached skill level 9 in Spellcasting
 12298 | D:10     | Reached **** piety under Cheibriados
 12299 | D:10     | Gained mutation: You sometimes emit foul miasma when
                  | damaged in melee. [demonic ancestry]
 12299 | D:10     | Reached XP level 11. HP: 62/74 MP: 4/24
 12533 | D:10     | Killed Lodul
 12860 | D:10     | Killed a boulder beetle
 13162 | D:10     | Noticed Snorg
 13169 | D:10     | Killed Snorg
 13197 | D:10     | Found a runed translucent door.
 13256 | D:10     | Noticed BuddhaDhamma's ghost (novice MiBe)
 13593 | D:11     | Noticed a two-headed ogre
 13605 | D:11     | Noticed a centaur warrior
 13612 | D:11     | Killed a centaur warrior
 13751 | D:11     | Noticed an orc knight
 13767 | D:11     | Killed an orc knight
 13825 | D:11     | Noticed a tengu warrior
 13828 | D:11     | Reached skill level 10 in Spellcasting
 13831 | D:11     | Killed a tengu warrior
 13832 | D:11     | Noticed an orc knight
 13844 | D:11     | Killed an orc knight
 13847 | D:11     | Hit by a large rock thrown by a cyclops

Illustrated notes

Levels and vault maps discovered:
D:1:      lemuel_arrival_hallway, layout_rooms
D:2:      layout_basic
D:3:      layout_rooms
D:4:      layout_basic, hangedman_decor_growths, uniq_eustachio
D:5:      layout_basic, chequers_temple_overflow_minitemple, uniq_blork_the_orc,
          uniq_grinder, uniq_ijyb, uniq_edmund
D:6:      layout_gridville, gammafunk_ghost_abyssal_escape,
          kennysheep_generic_room_5
D:7:      layout_layer_cave, minmay_temple_entry_waves, supply_closet_lemuel
D:8:      layout_rooms, minmay_ruined_shrine
D:9:      layout_irregular_city, mainiacjoe_overflow_boulevard
D:10:     layout_basic, serial_ice, serial_ice_a, serial_ice_b, serial_ice_o,
          serial_ice_l, gammafunk_ghost_grave, uniq_lodul, uniq_snorg
D:11:     minmay_bloctagon, layout_basic, due_lair_maze_entry_diamond
Temple:   eino_temple_scatter_basement

Skill      XL: |  1  2  3  4  5  6  7  8  9 10 11 |
---------------+----------------------------------+-----
Earth Magic    | 3 4 5 6 8 9 |  9.9
Dodging        | 2 3 4 |  4.0
Stealth        | 2 3 |  3.8
Spellcasting   | 3 4 5 6 8 9 10 | 10.2
Fighting       | 1 2 3 |  3.4
Armour         | 2 3 4 |  4.1
Short Blades   | 1 |  1.0
Conjurations   | 1 2 3 5 7 |  7.6
Polearms       | 1 2 3 |  3.6
Transmutations | |  0.9
Evocations     | |  0.3

Action                   |  1- 3 |  4- 6 |  7- 9 | 10-12 || total
-------------------------+-------+-------+-------+-------++-------
Melee: Dagger            |    15 |    11 |       |       ||    26
       Kick              |       |     2 |    14 |     5 ||    21
       Rapier            |       |     1 |    33 |       ||    34
       Halberd           |       |       |    43 |    21 ||    64
Throw: Throwing net      |       |       |     1 |       ||     1
       Dart              |       |       |       |     1 ||     1
 Cast: Sandblast         |    67 |   104 |    80 |       ||   251
       Stone Arrow       |       |       |    68 |   171 ||   239
Evoke: Wand              |       |       |     7 |       ||     7
  Use: Potion            |     1 |       |     7 |     2 ||    10
       Scroll            |       |     5 |    11 |     4 ||    20
 Stab: Sleeping          |     2 |     3 |     4 |       ||     9
Armor: Robe              |    15 |    17 |       |       ||    32
       Leather armour    |       |    14 |    98 |    15 ||   127
       Troll leather arm |       |       |       |    14 ||    14
Dodge: Dodged            |    35 |    56 |   128 |    61 ||   280
